 Dungeon Crawl Stone Soup version 0.27-a0-1557-g57f10a385c (webtiles) character file.

Game seed: 11051976889057361856

518 dolemite99 the Cruncher (level 7, -1/56 HPs)
             Began as a Minotaur Gladiator on July 16, 2021.
             Was a Follower of Ru.
             Slain by a hornet (14 damage)
             ... on level 7 of the Dungeon.
             The game lasted 00:04:26 (3356 turns).

dolemite99 the Cruncher (Minotaur Gladiator)        Turns: 3356, Time: 00:04:26

Health: -1/56      AC:  4    Str: 21      XL:     7   Next: 1%
Magic:  6/6        EV: 11    Int:  5      God:    Ru [*.....]
Gold:   164        SH:  0    Dex:  7 (11) Spells: 6/6 levels left

rFire    . . .     SeeInvis .   b - +0 dire flail
rCold    . . .     Faith    .   (shield currently unavailable)
rNeg     . . .     Spirit   .   r - +0 leather armour
rPois    .         Reflect  .   c - +0 hat
rElec    .         Harm     .   h - +0 cloak of Ferocious Wonder {Will+}
rCorr    .         Rampage  .   (no gloves)
Will     +....                  (no boots)
Stlth    +.........             s - amulet of magic regeneration
HPRegen  0.18/turn              (no ring)
MPRegen  0.35/turn              (no ring)

@: no status effects
A: horns 2, inability to train dodging, retaliatory headbutt
a: Renounce Religion


You were on level 7 of the Dungeon.
You worshipped Ru.
Ru was aware of your devotion.
You visited 1 branch of the dungeon, and saw 5 of its levels.

You collected 164 gold pieces.

Inventory:

Hand Weapons
 a - a +0 quarterstaff
 b - a +0 dire flail (weapon)
Missiles
 d - 2 throwing nets (quivered)
 e - 36 bolts
 t - 20 arrows
Armour
 c - a +0 hat (worn)
 h - the +0 cloak of Ferocious Wonder (worn) {Will+}
   (You acquired it on level 6 of the Dungeon)

   Will:      It increases your willpower.
 r - a +0 leather armour (worn)
Jewellery
 s - an amulet of magic regeneration (around neck)
Scrolls
 f - 2 scrolls of summoning
 k - a scroll of teleportation
 o - a scroll of enchant weapon {unknown}
 q - a scroll of vulnerability {unknown}
Potions
 i - a potion of attraction {unknown}
 j - a potion of flight {unknown}
 l - a potion of heal wounds {unknown}
 m - a potion of haste {unknown}
 n - a potion of mutation {unknown}
 p - a potion of resistance {unknown}


   Skills:
 - Level 2.4 Fighting
 + Level 4.0(6.8) Maces & Flails
 - Level 8.6(9.0) Staves
 - Level 2.0 Throwing


You had 6 spell levels left.
You didn't know any spells.
Your spell library contained the following spells:

 Spells                   Type           Power      Damage    Failure   Level
 Apportation              Tloc           0%         N/A       52%         1
 Poisonous Vapours        Pois/Air       0%         N/A       67%         2
 Mephitic Cloud           Conj/Pois/Air  0%         N/A       88%         3
 Alistair's Intoxication  Tmut/Pois      0%         N/A       100%        5
 Freezing Cloud           Conj/Ice/Air   0%         6-21      100%        5
 Invisibility             Hex            0%         N/A       100%        6


Dungeon Overview and Level Annotations

Branches:
Dungeon (7/15)
 Temple: D:4-7

Altars:
Ru

Shops:
D:1 (

Annotations:
D:6 Eustachio


Innate Abilities, Weirdness & Mutations

You have a pair of horns on your head.
You cannot train Dodging skill.
You reflexively headbutt those who attack you in melee.


Message History

The quasit barely misses you. The quasit completely misses you.
Eustachio hits you with a +0 falchion.
The quasit bites you but does no damage.
The quasit claws you but does no damage.
The quasit claws you.
You feel clumsy.
You hit Eustachio.
Eustachio is almost dead.
The quasit bites you but does no damage.
The quasit barely misses you.
The quasit claws you but does no damage.
The wight barely misses you. Eustachio hits you with a +0 falchion.
The quasit bites you.
* * * LOW HITPOINT WARNING * * *
You feel clumsy. The quasit claws you.
* * * LOW HITPOINT WARNING * * *
The quasit barely misses you. Eustachio hits you with a +0 falchion.
* * * LOW HITPOINT WARNING * * *
Eustachio mumbles some strange words.
Eustachio blinks!
The quasit closely misses you. The quasit barely misses you.
The quasit closely misses you. The quasit bites you.
* * * LOW HITPOINT WARNING * * *
The quasit claws you but does no damage.
The quasit misses you.
Eustachio asks, "How can you live without manners, virtues and honour?"
Eustachio casts a spell.
The white imp begins to attack, but is stunned by your conviction!
There is an escape hatch in the floor here.
The quasit disappears in a puff of smoke!
Eustachio mumbles some strange words.
Eustachio blinks!
You slide downwards.
The hatch slams shut behind you.
The hornet is stunned by your conviction and fails to attack.
Found a robe, a scroll labelled POLAKL KYCZAO and a pair of smouldering gloves.
Found a stone staircase leading down.
The hornet stings you!
You die...

.........#
[........#
.........#
.........#
.........# #
.?.......# .#
........[##..#
....n...y@..>#
.........###.#
##.#######


You could see a hornet and a necrophage.

Vanquished Creatures
  A water moccasin (D:6)
  A necrophage (D:6)
  A black bear (D:6)
  Blork the orc (D:6)
  A scorpion (D:6)
  A bullfrog skeleton (D:6)
  2 adders
  A white imp (D:6)
  An orc (D:6)
  8 endoplasms
  A giant cockroach (D:1)
  8 goblins
  7 hobgoblins
  A jackal (D:1)
  3 quokkas (D:1)
  5 ball pythons
  4 bats
  4 frilled lizards
  8 kobolds
  6 rats
65 creatures vanquished.

Notes
Turn   | Place    | Note
-------+----------+-------------------------------------------
     0 | D:1      | dolemite99 the Minotaur Gladiator began the quest for the
                  | Orb.
     0 | D:1      | Reached XP level 1. HP: 18/18 MP: 0/0
   133 | D:1      | Reached skill level 4 in Staves
   369 | D:1      | Reached XP level 2. HP: 25/25 MP: 1/1
   643 | D:1      | Found Dimaneukh's Weapon Shop.
   732 | D:1      | Reached skill level 5 in Staves
   828 | D:1      | Reached XP level 3. HP: 27/30 MP: 2/2
  1147 | D:2      | Found a faded altar of an unknown god.
  1161 | D:2      | Became a worshipper of Ru the Awakened
  1173 | D:2      | Gained mutation: You cannot train Dodging skill. [Ru
                  | sacrifice]
  1173 | D:2      | Reached * piety under Ru
  2088 | D:3      | Reached XP level 4. HP: 20/37 MP: 3/3
  2089 | D:3      | Reached skill level 6 in Staves
  2214 | D:3      | You fall into a shaft and drop 3 floors!
  2247 | D:7      | Noticed a black bear
  2259 | D:6      | Killed a black bear
  2260 | D:6      | Reached skill level 7 in Staves
  2260 | D:6      | Reached XP level 5. HP: 14/42 MP: 4/4
  2659 | D:6      | Noticed a water moccasin
  2670 | D:6      | Killed a water moccasin
  2671 | D:6      | Reached skill level 8 in Staves
  2671 | D:6      | Reached XP level 6. HP: 30/50 MP: 5/5
  2819 | D:6      | Identified a scroll of acquirement
  2820 | D:6      | Acquired the +0 cloak of Ferocious Wonder {Will+}
  2920 | D:6      | Noticed Blork the orc
  2937 | D:6      | Killed Blork the orc
  3269 | D:6      | Noticed Eustachio
  3295 | D:6      | Reached XP level 7. HP: 37/56 MP: 6/6
  3354 | D:7      | Noticed a hornet
  3356 | D:7      | Slain by a hornet

Illustrated notes

Levels and vault maps discovered:
D:1:      giann_forest_graveyard, layout_basic, serial_shops, shop_statue,
          minmay_misc_feat_more_columns, grunt_decor_cap, st_stairs_2,
          feat_on_display
D:2:      layout_loops_corners, dreamdust_ecumenical_altar_grove
D:3:      layout_basic, serial_shops, nicolae_shop_behind_doors,
          minmay_three_crescents, uniq_terence, uniq_jessica
D:6:      layout_rooms, minmay_temple_entry_mist, uniq_eustachio,
          uniq_blork_the_orc
D:7:      layout_basic

Skill      XL: |  1  2  3  4  5  6 |
---------------+-------------------+-----
Staves         | 4 5 7 8 |  8.6
Dodging        | 0 |  0.0
Maces & Flails | 4 |  4.0
Fighting       | |  2.4
Throwing       | |  2.0

Action                   |  1- 3 |  4- 6 |  7- 9 || total
-------------------------+-------+-------+-------++-------
Melee: Quarterstaff      |    95 |    24 |       ||   119
       Headbutt          |    12 |     7 |     2 ||    21
       Dire flail        |       |    29 |    20 ||    49
Throw: Throwing net      |       |     1 |       ||     1
Invok: Sacrifice Nimblen |     1 |       |       ||     1
  Use: Potion            |       |     5 |     1 ||     6
       Scroll            |       |     4 |       ||     4
 Stab: Held in net/web   |       |     1 |       ||     1
Armor: Leather armour    |    24 |    12 |    18 ||    54
Dodge: Dodged            |    65 |    24 |    19 ||   108

Table legend: (Time is in decaauts)
 A = Elapsed time spent in this place.
 B = Non-inter-level travel time spent in this place.
 C = Inter-level travel time spent in this place.
 D = Time resting spent in this place.
 E = Time spent auto-exploring this place.
 F = Levels seen in this place.
 G = Mean time per level.
                   A        B        C        D        E       F      G
               +--------+--------+--------+--------+--------+-----+--------+
         Total |   3357 |   3291 |     66 |    979 |   1773 |   5 |  671.4 |
       Dungeon |   3357 |   3291 |     66 |    979 |   1773 |   5 |  671.4 |
               +--------+--------+--------+--------+--------+-----+--------+

Top non-repeatable levels by time:
     D:6: 1132 daAuts
     D:1: 1063 daAuts
     D:2: 958 daAuts
     D:3: 195 daAuts
     D:7: 7 daAuts
